Description

ling spamamammamammammemememamame

Replay - 141414lingspammeme

Build Order

Get SALT Encoding   

  12  0:02  Drone  
  13  0:12  Drone  
  14  0:33  Hatchery  
  13  0:38  Drone  
  13  0:40  Extractor  
  13  0:44  Drone  
  14  1:01  Spawning Pool  
  13  1:05  Drone  
  14  1:12  Drone, Extractor  
  15  1:22  Overlord  
  15  1:45  Drone  
  16  1:49  Zergling x2  
  16  1:50  Metabolic Boost  
  16  1:52  Queen  
  19  2:00  Zergling x6  
  22  2:11  Zergling x6  
  25  2:19  Overlord  
  25  2:28  Overlord  
  25  2:33  Zergling x4  
  27  2:40  Zergling x2  
Spawning Tool Build Advisor. Get it on Overwolf

Go to:

Details

  • Created by: deathsbane  
  • Published on: Apr 08, 2020
  • Modified on: Apr 08, 2020
  • Patch: 4.11.0
Show
View Real Time Build Order
Export as new Build Order

Comments (0)

There are no comments. Be the first!

Create an account to comment!